 Dungeon Crawl Stone Soup version 0.25.1-2-g60ff931df9 (webtiles) character file.

Game seed: 13156335366582878941

370 raphialitos the Covered (level 6, 0/49 HPs)
             Began as a Barachi Fighter on Oct 15, 2020.
             Killed by divine providence
             ... invoked by an orc priest
              (14 damage)
             ... on level 4 of the Dungeon.
             The game lasted 00:06:19 (3592 turns).

raphialitos the Covered (Barachi Fighter)           Turns: 3592, Time: 00:06:20

Health: 0/49       AC: 12    Str: 22    XL:     6   Next: 70%
Magic:  6/6        EV:  5    Int:  8    God:
Gold:   143        SH: 15    Dex: 12    Spells: 5/5 levels left

rFire    . . .     SeeInvis .   e - +1 rapier "Homili" {freeze, +Inv Str+3} (curse)
rCold    . . .     Gourm    .   c - +0 kite shield
rNeg     . . .     Faith    .   q - +0 plate armour
rPois    +         Spirit   .   (no helmet)
rElec    .         Reflect  +   (no cloak)
rCorr    .         Harm     .   (no gloves)
MR       .....                  (no boots)
Stlth    ..........             m - amulet of reflection
HPRegen  0.16/turn              p - ring of poison resistance
MPRegen  0.10/turn              (no ring)

@: slow
A: +LOS, swims, slowness 1, strong legs 1
a: Hop, Evoke Invisibility


You were on level 4 of the Dungeon.
You were not hungry.

You visited 1 branch of the dungeon, and saw 4 of its levels.

You collected 143 gold pieces.

Inventory:

Hand Weapons
 a - a +2 long sword
 e - the cursed +1 rapier "Homili" (weapon) {freeze, +Inv Str+3}
   (You found it on level 4 of the Dungeon)

   It has been specially enchanted to freeze those struck by it, causing extra
   injury to most foes and up to half again as much damage against particularly
   susceptible opponents.
   It can also slow down cold-blooded creatures.
   It affects your strength (+3).
   It lets you turn invisible.
   It has a curse placed upon it.
Missiles
 i - 52 sling bullets
 j - 4 boomerangs
 o - 27 poisoned darts (quivered)
Armour
 b - a +0 scale mail
 c - a +0 kite shield (worn)
 q - a +0 plate armour (worn)
Jewellery
 m - an amulet of reflection (around neck)
 p - a ring of poison resistance (left hand)
Wands
 k - a wand of flame (16)
Scrolls
 h - 2 scrolls of teleportation
 n - 2 scrolls of fear
Potions
 d - a potion of might
 r - a potion of berserk rage
 s - a potion of stabbing
 t - a potion of degeneration {unknown}
Comestibles
 f - 4 rations
 g - 2 chunks of flesh


   Skills:
 + Level 4.5 Fighting
 + Level 0.2(2.8) Short Blades
 + Level 5.1(5.2) Long Blades
 + Level 5.3 Armour
 + Level 1.3 Dodging
 + Level 0.8 Stealth
 + Level 4.6 Shields


You had 5 spell levels left.
You didn't know any spells.
Your spell library was empty.

Dungeon Overview and Level Annotations

Branches:
Dungeon (4/15)
 Temple: D:4-7

Altars:


Innate Abilities, Weirdness & Mutations

You can be seen from farther away. (+LOS)
You can swim through water.
You cover ground slowly.
You can hop short distances.


Message History

You hit the orc wizard. You freeze the orc wizard.
The orc wizard is severely wounded.
The orc wizard hits you but does no damage.
The orc hits you but does no damage. You block the orc wizard's attack.
The orc priest hits you from afar with a +0 trident.
* * * LOW HITPOINT WARNING * * *
You closely miss the orc wizard.
The orc wizard is severely wounded.
You block the orc's attack.
The orc wizard hits you but does no damage.
You block the orc priest's attack. x2
The orc wizard hits you but does no damage.
You hit the orc wizard. You freeze the orc wizard.
You kill the orc wizard!
You block the orc's attack.
The orc priest hits you but does no damage.
You block the orc priest's attack.
The orc priest calls down the wrath of Beogh upon you.
Beogh smites you!
You die...

... ... .. #. .
########.. #
.........#####.######
.........#o..........
...<.....#o.o........
## ........#o#####.###.
.##### #.....#@.### #
.#...#...#.....#....#
.#...#...+.....'....#
.##'##...#.....#....#
.....#...#.....#....#
.....#...#.....#...[#
.....#...#.รท...#.....#
#....#...#.....#.....#
#....#...#.....###+###


You could see an orc priest and 2 orcs.

Vanquished Creatures
  Grinder (D:4)
  An orc wizard (D:4)
  Robin (D:2)
  2 adders
  An ooze (D:2)
  6 worms
  2 leopard geckos
  5 orcs (D:3)
  7 bats
  5 giant cockroaches
  18 goblins
  7 hobgoblins
  2 jackals (D:2)
  2 quokkas
  5 frilled lizards
  4 kobolds
  6 rats
75 creatures vanquished.

Notes
Turn   | Place    | Note
-------+----------+-------------------------------------------
     0 | D:1      | raphialitos the Barachi Fighter began the quest for the
                  | Orb.
     0 | D:1      | Reached XP level 1. HP: 18/18 MP: 1/1
   166 | D:1      | Reached XP level 2. HP: 25/25 MP: 2/2
   725 | D:2      | Reached XP level 3. HP: 30/30 MP: 3/3
  1180 | D:2      | Reached skill level 1 in Dodging
  1665 | D:2      | Noticed Robin
  1666 | D:2      | Reached XP level 4. HP: 37/37 MP: 4/4
  1709 | D:2      | Killed Robin
  2965 | D:3      | Reached XP level 5. HP: 42/42 MP: 5/5
  3304 | D:4      | Noticed Grinder
  3328 | D:4      | Killed Grinder
  3328 | D:4      | Reached skill level 5 in Long Blades
  3328 | D:4      | Reached skill level 5 in Armour
  3328 | D:4      | Reached XP level 6. HP: 33/49 MP: 6/6
  3527 | D:4      | Got a dazzling rapier
  3527 | D:4      | Identified the cursed +1 rapier "Homili" {freeze, +Inv
                  | Str+3} (You found it on level 4 of the Dungeon)
  3592 | D:4      | Killed from afar by an orc priest

Illustrated notes

Levels and vault maps discovered:
D:1:      dpeg_arrival_more_subterranean_lakeside_camping, layout_basic
D:2:      layout_basic, uniq_robin
D:3:      layout_loops_corners, first_ration, grunt_decor_arrowhead
D:4:      layout_gridville, hex_medium, uniq_grinder

Skill      XL: |  1  2  3  4  5 |
---------------+----------------+-----
Armour         | 4 5 |  5.3
Long Blades    | 3 4 5 |  5.1
Dodging        | 1 |  1.3
Shields        | 4 |  4.6
Fighting       | 4 |  4.5
Short Blades   | |  0.2
Stealth        | |  0.8

Action                   |  1- 3 |  4- 6 || total
-------------------------+-------+-------++-------
Melee: Long sword        |   111 |   128 ||   239
       Rapier            |       |    16 ||    16
 Abil: Hop               |     3 |       ||     3
  Use: Scroll            |     9 |     2 ||    11
       Potion            |       |     1 ||     1
  Eat: Chunk             |     2 |     5 ||     7
       Ration            |       |     1 ||     1
Armor: Scale mail        |    69 |    20 ||    89
       Plate armour      |       |    35 ||    35
Dodge: Dodged            |    43 |    18 ||    61
Block: Kite shield       |    94 |   127 ||   221
       Reflection        |       |     1 ||     1
       Rpst.: Long sword |    12 |     4 ||    16
